 Dungeon Crawl Stone Soup version 0.30-b1-2-g02819fbbbe (webtiles) character file.

Game seed: 4740263147862646487

88 Barriton the Conjurer (level 4, 0/33 HPs)
             Began as a Draconian Conjurer on June 1, 2023.
             Succumbed to an adder's poison
             ... on level 3 of the Dungeon.
             The game lasted 00:02:47 (2540 turns).

Barriton the Conjurer (Draconian Conjurer)          Turns: 2540, Time: 00:02:49

Health: 0/33       AC:  6    Str:  9    XL:     4   Next: 30%
Magic:  3/7        EV: 12    Int: 21    God:
Gold:   202        SH:  0    Dex:  9    Spells: 5/8 levels left

rFire   . . .        (no weapon)
rCold   . . .        b - orb {*Rage}
rNeg    + . .        (body armour unavailable)
rPois   .            (helmet restricted)
rElec   .            h - +0 cloak
rCorr   .            (no gloves)
SInv    .            (no boots)
Will    .....        l - amulet of faith
Stlth   ++           j - ring of wizardry
HPRegen 0.25/turn    k - ring of positive energy
MPRegen 0.10/turn

%: random rage (20%), faith, wizardry (x1)
@: lethally poisoned (0 -> -3), on berserk cooldown, slowed, very slow
A: AC +5, unfitting armour, cold-blooded
a: no special abilities


You were on level 3 of the Dungeon.
You visited 1 branch of the dungeon, and saw 3 of its levels.

You collected 202 gold pieces.

Inventory:

Armour
 b - an orb of wrath (worn)
 h - a +0 cloak (worn)
Jewellery
 j - a ring of wizardry (left hand)
 k - a ring of positive energy (right hand)
 l - an amulet of faith (around neck)
Wands
 f - a wand of digging (9)
Scrolls
 e - a scroll of silence {unknown}
 i - a scroll of fear {unknown}
Potions
 a - a potion of magic
 c - 2 potions of heal wounds
 d - a potion of cancellation {unknown}
 g - 2 potions of lignification {unknown}
 n - a potion of mutation {unknown}


   Skills:
 + Level 2.0 Dodging
 + Level 2.3 Stealth
 + Level 2.5 Spellcasting
 + Level 5.2 Conjurations


You had 5 spell levels left.
You knew the following spells:

 Your Spells              Type           Power      Damage    Failure   Level
a - Magic Dart            Conj           96%        1d7       1%          1
b - Searing Ray           Conj           48%        2d6       1%          2

Your spell library contained the following spells:

 Spells                   Type           Power      Damage    Failure   Level
 Sting                    Tmut/Pois      8%         1d3       6%          1
 Dazzling Flash           Conj/Hex       26%        N/A       6%          3
 Poisonous Vapours        Pois/Air       4%         N/A       9%          2
 Fulminant Prism          Conj/Hex       6%         3d7       19%         4
 Iskenderun's Mystic Bla  Conj/Tloc      13%        2d5       19%         4
 Olgreb's Toxic Radiance  Pois           2%         N/A       45%         4


Dungeon Overview and Level Annotations

Branches:
Dungeon (3/15)

Altars:

Shops:
D:1 (


Innate Abilities, Weirdness & Mutations

Your plain brown scales are hard. (AC +5)
You cannot fit into any form of body armour.
You are cold-blooded and may be slowed by cold attacks.


Message History

The gnoll closely misses you. The gnoll hits you but does no damage.
You hit the gnoll but do no damage. The adder bites you but does no damage.
The gnoll barely misses you.
The gnoll hits you with a +1 whip of freezing.
You feel as though you will be slow longer.
The gnoll freezes you. The adder barely misses you.
You hit the gnoll.
The gnoll is lightly wounded.
The adder misses you. The gnoll closely misses you.
The gnoll hits you with a +0 flail. The adder bites you but does no damage.
The gnoll barely misses you. The gnoll hits you with a +0 flail.
You hit the gnoll but do no damage.
The gnoll is lightly wounded.
The adder closely misses you. The gnoll closely misses you.
The gnoll barely misses you. The adder completely misses you.
You hit the gnoll but do no damage.
The gnoll is lightly wounded.
The adder bites you but does no damage. The gnoll barely misses you.
The gnoll closely misses you. The adder closely misses you.
The gnoll hits you with a +0 flail. The gnoll closely misses you.
You hit the gnoll but do no damage.
You tail-slap the gnoll, but do no damage.
The gnoll is lightly wounded.
The adder bites you.
You are poisoned.
The adder poisons you! The gnoll closely misses you.
The gnoll hits you with a +0 flail.
* * * LOW HITPOINT WARNING * * *
The adder bites you but does no damage. The gnoll attacks as you move away!
The gnoll closely misses you.
You feel sick. The adder closely misses you.
The gnoll hits you but does no damage. The adder closely misses you.
The gnoll misses you. The gnoll completely misses you.
The gnoll attacks as you move away!
The gnoll hits you with a +1 whip of freezing.
* * * LOW HITPOINT WARNING * * *
You feel as though you will be slow longer.
The gnoll freezes you.
* * * LOW HITPOINT WARNING * * *
You die...

#.#.## #....##
##.....##
###.......##
..........#
#.......#
#######S....#
.......g...#
#######g#@##
#.#.# ##
#######.#.##...
...)...).....#
#.######...#####
#...............
#..
..........######
#.. #..#####..#
#..##..#
###..######


You could see a gnoll and an adder.

Vanquished Creatures
  A gnoll (D:3)
  An adder (D:2)
  2 dart slugs
  6 orcs (D:3)
  9 ball pythons
  6 endoplasms
  2 giant cockroaches (D:1)
  3 goblins
  7 hobgoblins
  6 kobolds
  7 bats
  A frilled lizard (D:1)
  5 rats
56 creatures vanquished.

Notes
Turn   | Place    | Note
-------+----------+-------------------------------------------
     0 | D:1      | Barriton the Draconian Conjurer began the quest for the
                  | Orb.
     0 | D:1      | Reached XP level 1. HP: 14/14 MP: 3/3
   201 | D:1      | Reached XP level 2. HP: 20/20 MP: 1/5
   783 | D:1      | Found Kyculef's Weapon Shop.
   962 | D:1      | Reached XP level 3. HP: 26/26 MP: 3/6
  1705 | D:2      | Learned a level 2 spell: Searing Ray
  1762 | D:2      | Reached skill level 5 in Conjurations
  2223 | D:3      | Noticed an eye of devastation
  2225 | D:3      | Found a faded altar of an unknown god.
  2277 | D:3      | Noticed a golden eye
  2277 | D:3      | Noticed an eye of devastation
  2277 | D:3      | Noticed an eye of devastation
  2295 | D:3      | Reached XP level 4. HP: 32/33 MP: 1/7
  2540 | D:3      | Succumbed to an adder's poison

Illustrated notes

Levels and vault maps discovered:
D:1:      matt_arrival_grand_opening, layout_basic, serial_shops,
          nicolae_shop_tiny_real_fake_doors, minmay_misc_feat_cross,
          serial_park_tiny_2
D:2:      layout_rooms, minmay_box_of_dots
D:3:      layout_loops_ring, nicolae_overflow_hallway_of_the_gods,
          hellmonk_ecumenical_altar_watching_god

Skill      XL: |  1  2  3 |
---------------+----------+-----
Stealth        | 2 |  2.3
Conjurations   | 5 |  5.2
Dodging        | 2 |  2.0
Spellcasting   | |  2.5

Action                     |  1- 3 |  4- 6 || total
---------------------------+-------+-------++-------
  Melee: Unarmed           |     9 |    11 ||    20
         Tailslap          |       |     3 ||     3
   Cast: Magic Dart        |    77 |    11 ||    88
         Searing Ray       |     1 |       ||     1
    Use: Scroll            |     4 |       ||     4
 Armour: Skin              |     9 |     7 ||    16
  Dodge: Dodged            |    11 |    24 ||    35
